| TOP OF THE 1ST |
|
Washington Nationals batting - Pitching for Atlanta Braves : RHP Tim Kull
|
|
Pitching: RHP Tim Kull
|
|
|
Batting: RHB Hisayuki Akiyama
|
0-0: Bunt missed! 0-1: Called Strike 0-2: Reached on error, E6 (Groundball, 6, EV 83.8 MPH)
|
|
Batting: LHB Bob Melley
|
0-0: Ball 1-0: Ball 2-0: Foul Ball, location: 2F 2-1: Ball 3-1: Grounds into double play, 3-6-3 (Groundball, 3, EV 86.2 MPH)
|
|
Batting: RHB Dan Fallon
|
0-0: Ball 1-0: Called Strike 1-1: SINGLE (Line Drive, 78M, EV 92.5 MPH)
|
|
Batting: LHB Seth Cook
|
0-0: Ball 1-0: Foul Ball, location: 2F 1-1: Swinging Strike 1-2: Ball 2-2: Strikes out swinging
|
| Top of the 1st over - 0 runs, 1 hit, 1 error, 1 left on base; Washington 0 - Atlanta 0 |
| BOTTOM OF THE 1ST |
|
Atlanta Braves batting - Pitching for Washington Nationals : RHP Wayne McAllister
|
|
Pitching: RHP Wayne McAllister
|
|
|
Batting: RHB Zheng-ze King
|
0-0: Called Strike 0-1: Ball 1-1: Foul Ball, location: 2F 1-2: Ball 2-2: Foul Ball, location: 2F 2-2: Ball 3-2: Base on Balls
|
|
Batting: RHB Yasuhide Kasahara
|
0-0: Foul Ball, location: 2F 0-1: Called Strike Zheng-ze King steals 2nd base 0-2: Ball 1-2: Ground out 4-3 (Groundball, 4, EV 99.4 MPH) Zheng-ze King to third
|
|
Batting: SHB Floyd-William Goof
|
0-0: Ball 1-0: Ball 2-0: Ball 3-0: Called Strike 3-1: Base on Balls
|
|
Batting: RHB Kevin Howard
|
0-0: Ball 1-0: Ball 2-0: Swinging Strike 2-1: Ball 3-1: Base on Balls Floyd-William Goof to second
|
|
Batting: LHB Evan Torraville
|
0-0: Ball 1-0: Called Strike 1-1: Ball 2-1: Foul Ball, location: 2F 2-2: SINGLE (Groundball, 34D, EV 105.0 MPH) (infield hit) Zheng-ze King scores Floyd-William Goof to third Kevin Howard to second
|
|
Batting: RHB Ike Trout
|
0-0: Ball 1-0: Fly out, F7 (Flyball, 7, EV 85.0 MPH) Runner from 3rd tags up, SCORES, throw by LF
|
|
Batting: LHB Erik Gretzky
|
0-0: Ground out 4-3 (Groundball, 4, EV 87.5 MPH)
|
| Bottom of the 1st over - 2 runs, 1 hit, 0 errors, 2 left on base; Washington 0 - Atlanta 2 |
| TOP OF THE 2ND |
|
Washington Nationals batting - Pitching for Atlanta Braves : RHP Tim Kull
|
|
Batting: RHB Dave Vargas
|
0-0: Ball 1-0: Swinging Strike 1-1: Foul Ball, location: 2F 1-2: Fly out, F8 (Flyball, 8RXD, EV 106.9 MPH)
|
|
Batting: SHB Mark Rennie
|
0-0: Foul Ball, location: 2F 0-1: Ball 1-1: Ball 2-1: Foul Ball, location: 2F 2-2: Foul Ball, location: 2F 2-2: Ball 3-2: Base on Balls
|
|
Batting: RHB Eric Wiss
|
0-0: Ball 1-0: Fly out, F5 (Popup, 56, EV 65.0 MPH)
|
|
Batting: RHB Nate Dickinson
|
0-0: Ball 1-0: Foul Ball, location: 2F 1-1: Swinging Strike 1-2: Foul Ball, location: 2F 1-2: Foul Ball, location: 2F 1-2: Foul Ball, location: 2F 1-2: Foul Ball, location: 2F 1-2: Strikes out swinging
|
| Top of the 2nd over - 0 runs, 0 hits, 0 errors, 1 left on base; Washington 0 - Atlanta 2 |
| BOTTOM OF THE 2ND |
|
Atlanta Braves batting - Pitching for Washington Nationals : RHP Wayne McAllister
|
|
Batting: RHB J.J. Powers
|
0-0: Ball 1-0: Called Strike 1-1: Ball 2-1: Ball 3-1: Base on Balls
|
|
Batting: RHB Liangde Li
|
0-0: Ball 1-0: DOUBLE (Flyball, 89XD, EV 101.2 MPH) J.J. Powers to third Runner from 3rd tries for Home, SAFE, no throw by CF
|
|
Batting: RHB Zheng-ze King
|
0-0: Ball 1-0: Foul Ball, location: 2F 1-1: Called Strike 1-2: Hit by Pitch
|
|
Batting: RHB Yasuhide Kasahara
|
0-0: DOUBLE (Line Drive, 7LM, EV 108.8 MPH) Liangde Li scores Zheng-ze King to third Runner from 3rd tries for Home, SAFE, throw by LF to trailing runner, OUT at third! 7-3-5
|
|
Batting: SHB Floyd-William Goof
|
0-0: Ball 1-0: Ball 2-0: Ball 3-0: Fly out, F7 (Flyball, 7LS, EV 86.9 MPH)
|
|
Batting: RHB Kevin Howard
|
0-0: Called Strike 0-1: Ball 1-1: Called Strike 1-2: Strikes out swinging
|
| Bottom of the 2nd over - 3 runs, 2 hits, 0 errors, 0 left on base; Washington 0 - Atlanta 5 |
| TOP OF THE 3RD |
|
Washington Nationals batting - Pitching for Atlanta Braves : RHP Tim Kull
|
|
Batting: RHB Dusty Ballard
|
0-0: Ball 1-0: Ball 2-0: Ball 3-0: Called Strike 3-1: Fly out, F5 (Line Drive, 6, EV 73.1 MPH)
|
|
Batting: RHB Hisayuki Akiyama
|
0-0: Called Strike 0-1: Called Strike 0-2: Ball 1-2: Fly out, F6 (Popup, 6S, EV 78.8 MPH)
|
|
Batting: LHB Bob Melley
|
0-0: Called Strike 0-1: Swinging Strike 0-2: Ball 1-2: Ground out U3 (Groundball, 3, EV 86.9 MPH)
|
| Top of the 3rd over - 0 runs, 0 hits, 0 errors, 0 left on base; Washington 0 - Atlanta 5 |
| BOTTOM OF THE 3RD |
|
Atlanta Braves batting - Pitching for Washington Nationals : RHP Wayne McAllister
|
|
Batting: LHB Evan Torraville
|
0-0: Called Strike 0-1: Foul Ball, location: 2F 0-2: Ball 1-2: Ball 2-2: Ball 3-2: Ground out 6-3 (Groundball, 4, EV 85.6 MPH)
|
|
Batting: RHB Ike Trout
|
0-0: Called Strike 0-1: Foul Ball, location: 2F 0-2: Ball 1-2: Foul Ball, location: 2F 1-2: Ball 2-2: SINGLE (Line Drive, 8LS, EV 107.5 MPH)
|
|
Pitching: RHP David Sly
|
|
|
Batting: LHB Erik Gretzky
|
0-0: Ball 1-0: Ball 2-0: Foul Ball, location: 2F 2-1: Ball 3-1: Foul Ball, location: 2F 3-2: SINGLE (Flyball, 34D, EV 93.8 MPH) Ike Trout to second Runner from 2nd tries for 3rd, SAFE, throw by RF made to third
|
|
Batting: RHB J.J. Powers
|
0-0: Ball 1-0: Called Strike Erik Gretzky is caught stealing 2nd base 2-4 1-1: Fly out, F6 (Line Drive, 6, EV 66.9 MPH)
|
| Bottom of the 3rd over - 0 runs, 2 hits, 0 errors, 1 left on base; Washington 0 - Atlanta 5 |
| TOP OF THE 4TH |
|
Washington Nationals batting - Pitching for Atlanta Braves : RHP Tim Kull
|
|
Batting: RHB Dan Fallon
|
0-0: Foul Ball, location: 2F 0-1: Ball 1-1: Called Strike 1-2: Ground out U3 (Groundball, 3, EV 80.6 MPH)
|
|
Batting: LHB Seth Cook
|
0-0: Called Strike 0-1: Ground out U3 (Groundball, 3S, EV 79.4 MPH)
|
|
Batting: RHB Dave Vargas
|
0-0: Called Strike 0-1: Swinging Strike 0-2: Strikes out looking
|
| Top of the 4th over - 0 runs, 0 hits, 0 errors, 0 left on base; Washington 0 - Atlanta 5 |
| BOTTOM OF THE 4TH |
|
Atlanta Braves batting - Pitching for Washington Nationals : RHP David Sly
|
|
Batting: RHB Liangde Li
|
0-0: Ball 1-0: Ball 2-0: Swinging Strike 2-1: Foul Ball, location: 2F 2-2: Strikes out swinging
|
|
Batting: RHB Zheng-ze King
|
0-0: Foul Ball, location: 2F 0-1: Ball 1-1: Foul Ball, location: 2F 1-2: Strikes out swinging
|
|
Pinch Hitting: RHB Alex Munoz
|
0-0: Ball 1-0: Swinging Strike 1-1: Swinging Strike 1-2: Strikes out swinging
|
| Bottom of the 4th over - 0 runs, 0 hits, 0 errors, 0 left on base; Washington 0 - Atlanta 5 |
| TOP OF THE 5TH |
|
Washington Nationals batting - Pitching for Atlanta Braves : RHP Tim Kull
|
|
Now at C: Tade Post
|
|
|
Now at 3B: Chris Trites
|
|
|
Now at SS: Alex Munoz
|
|
|
Now in LF: Chad Persaud
|
|
|
Now in CF: Costantino Dolfini
|
|
|
Now in RF: Erik Gretzky
|
|
|
Batting: SHB Mark Rennie
|
0-0: Ball 1-0: Called Strike 1-1: Fly out, F9 (Flyball, 89S, EV 86.2 MPH)
|
|
Batting: RHB Eric Wiss
|
0-0: Called Strike 0-1: Foul Ball, location: 2F 0-2: Ball 1-2: Strikes out swinging
|
|
Batting: RHB Nate Dickinson
|
0-0: Called Strike 0-1: Swinging Strike 0-2: Ground out 5-3 (Groundball, 56, EV 90.6 MPH)
|
| Top of the 5th over - 0 runs, 0 hits, 0 errors, 0 left on base; Washington 0 - Atlanta 5 |
| BOTTOM OF THE 5TH |
|
Atlanta Braves batting - Pitching for Washington Nationals : RHP David Sly
|
|
Pitching: RHP Sentos Alatas
|
|
|
Now in LF: Antonio Laurel
|
|
|
Now in CF: Evan Oliveri
|
|
|
Now in RF: Griffin Ferris
|
|
|
Batting: RHB Chris Trites
|
0-0: Called Strike 0-1: Called Strike 0-2: Foul Ball, location: 2F 0-2: Strikes out swinging
|
|
Batting: RHB Kevin Howard
|
0-0: Called Strike 0-1: Swinging Strike 0-2: Ball 1-2: Ground out 4-3 (Groundball, 4S, EV 78.8 MPH)
|
|
Batting: LHB Chad Persaud
|
0-0: SINGLE (Line Drive, 78S, EV 92.5 MPH)
|
|
Batting: RHB Ike Trout
|
|
|
Pinch Hitting: LHB Art D'Ascenzo
|
0-0: Ball 1-0: Ball 2-0: Ball 3-0: Ground out 4-3 (Groundball, 4, EV 111.2 MPH)
|
| Bottom of the 5th over - 0 runs, 1 hit, 0 errors, 1 left on base; Washington 0 - Atlanta 5 |
| TOP OF THE 6TH |
|
Washington Nationals batting - Pitching for Atlanta Braves : RHP Tim Kull
|
|
Pitching: RHP Alard Kraaijeveld
|
|
|
Now at 1B: John Peterson
|
|
|
Now at 2B: Art D'Ascenzo
|
|
|
Batting: RHB Dusty Ballard
|
0-0: Ball 1-0: SINGLE (Groundball, 13S, EV 66.2 MPH) (infield hit)
|
|
Batting: RHB Hisayuki Akiyama
|
0-0: Foul Ball, location: 2F 0-1: Foul Ball, location: 2F 0-2: Strikes out swinging
|
|
Batting: RHB Antonio Laurel
|
0-0: Called Strike 0-1: Ball 1-1: Grounds into double play, 5-4-3 (Groundball, 56, EV 105.6 MPH)
|
| Top of the 6th over - 0 runs, 1 hit, 0 errors, 0 left on base; Washington 0 - Atlanta 5 |
| BOTTOM OF THE 6TH |
|
Atlanta Braves batting - Pitching for Washington Nationals : RHP Sentos Alatas
|
|
Pinch Hitting: RHB Erik Coleman
|
0-0: Ball 1-0: Called Strike 1-1: Called Strike 1-2: Fly out, F9 (Line Drive, 9, EV 90.6 MPH)
|
|
Batting: RHB Paul Landes
|
0-0: Ball 1-0: Ball 2-0: SINGLE (Groundball, 34D, EV 102.5 MPH)
|
|
Batting: RHB Tade Post
|
0-0: Swinging Strike 0-1: Swinging Strike 0-2: Foul Ball, location: 2F 0-2: Strikes out looking
|
|
Batting: RHB Costantino Dolfini
|
0-0: Called Strike 0-1: Swinging Strike 0-2: Ball 1-2: Ball 2-2: Ball 3-2: Base on Balls Paul Landes to second
|
|
Batting: RHB Alex Munoz
|
0-0: Ball 1-0: Called Strike 1-1: Swinging Strike 1-2: Foul Ball, location: 2F 1-2: Fly out, F8 (Flyball, 8LM, EV 86.2 MPH)
|
| Bottom of the 6th over - 0 runs, 1 hit, 0 errors, 2 left on base; Washington 0 - Atlanta 5 |
| TOP OF THE 7TH |
|
Washington Nationals batting - Pitching for Atlanta Braves : RHP Alard Kraaijeveld
|
|
Now in RF: Erik Coleman
|
|
|
Batting: RHB Dan Fallon
|
0-0: Ball 1-0: Called Strike 1-1: Called Strike 1-2: Ball 2-2: SINGLE (Groundball, 34S, EV 67.5 MPH) (infield hit)
|
|
Pinch Hitting: LHB Jae-ik Soung
|
0-0: Called Strike 0-1: Ball 1-1: Called Strike 1-2: Fly out, F9 (Flyball, 9D, EV 81.2 MPH)
|
|
Batting: LHB Griffin Ferris
|
0-0: Called Strike 0-1: Ball 1-1: Fly out, F4 (Popup, 34, EV 71.9 MPH)
|
|
Batting: LHB Alexis Cantu
|
0-0: Foul Ball, location: 2F 0-1: Swinging Strike 0-2: Foul Ball, location: 2F 0-2: Strikes out swinging
|
| Top of the 7th over - 0 runs, 1 hit, 0 errors, 1 left on base; Washington 0 - Atlanta 5 |
| BOTTOM OF THE 7TH |
|
Atlanta Braves batting - Pitching for Washington Nationals : RHP Sentos Alatas
|
|
Pitching: RHP Jordan Amaker
|
|
|
Now at 1B: Jae-ik Soung
|
|
|
Batting: RHB Chris Trites
|
0-0: Ball 1-0: Ground out 6-3 (Groundball, 56, EV 103.8 MPH)
|
|
Batting: RHB John Peterson
|
0-0: Called Strike 0-1: Ball 1-1: Called Strike 1-2: Foul Ball, location: 2F 1-2: Fly out, F8 (Flyball, 8LXD, EV 108.1 MPH)
|
|
Batting: LHB Chad Persaud
|
0-0: Ball 1-0: Called Strike 1-1: Ground out 6-3 (Groundball, 6, EV 81.2 MPH)
|
| Bottom of the 7th over - 0 runs, 0 hits, 0 errors, 0 left on base; Washington 0 - Atlanta 5 |
| TOP OF THE 8TH |
|
Washington Nationals batting - Pitching for Atlanta Braves : RHP Alard Kraaijeveld
|
|
Pitching: RHP Greg Hart
|
|
|
Batting: RHB Eric Wiss
|
0-0: Ball 1-0: Fly out, F5 (Line Drive, 56, EV 76.9 MPH)
|
|
Batting: LHB Evan Oliveri
|
0-0: Called Strike 0-1: Foul Ball, location: 2F 0-2: Ball 1-2: Fly out, F7 (Flyball, 7D, EV 108.1 MPH)
|
|
Batting: RHB Dusty Ballard
|
0-0: Called Strike 0-1: Called Strike 0-2: Fly out, F6 (Popup, 6D, EV 73.1 MPH)
|
| Top of the 8th over - 0 runs, 0 hits, 0 errors, 0 left on base; Washington 0 - Atlanta 5 |
| BOTTOM OF THE 8TH |
|
Atlanta Braves batting - Pitching for Washington Nationals : RHP Jordan Amaker
|
|
Batting: LHB Art D'Ascenzo
|
0-0: Ball 1-0: Ground out 6-3 (Groundball, 6, EV 105.6 MPH)
|
|
Batting: RHB Erik Coleman
|
0-0: Ball 1-0: Ball 2-0: Ground out 6-3 (Groundball, 6M, EV 105.0 MPH)
|
|
Batting: RHB Paul Landes
|
0-0: Called Strike 0-1: Ball 1-1: Foul Ball, location: 2F 1-2: Fly out, F8 (Flyball, 89S, EV 93.8 MPH)
|
| Bottom of the 8th over - 0 runs, 0 hits, 0 errors, 0 left on base; Washington 0 - Atlanta 5 |
| TOP OF THE 9TH |
|
Washington Nationals batting - Pitching for Atlanta Braves : RHP Greg Hart
|
|
Pitching: RHP Damian Molina
|
|
|
Batting: RHB Hisayuki Akiyama
|
0-0: Ball 1-0: SINGLE (Groundball, P, EV 88.8 MPH) (infield hit)
|
|
Batting: RHB Antonio Laurel
|
0-0: Ball 1-0: Ball 2-0: Ball 3-0: Called Strike 3-1: Base on Balls Hisayuki Akiyama to second
|
|
Batting: RHB Dan Fallon
|
0-0: Called Strike 0-1: Foul Ball, location: 2F 0-2: Ball 1-2: Ball 2-2: Ball 3-2: Base on Balls Hisayuki Akiyama to third Antonio Laurel to second
|
|
Pitching: LHP Sam Schrecengost
|
|
|
Batting: LHB Jae-ik Soung
|
0-0: Grounds into fielders choice 1-2 (Groundball, 13, EV 67.5 MPH) Antonio Laurel to third Dan Fallon to second
|
|
Batting: LHB Griffin Ferris
|
0-0: Called Strike 0-1: Called Strike 0-2: Grounds into double play, 1-2-3 (Groundball, 15S, EV 75.6 MPH)
|
| Top of the 9th over - 0 runs, 1 hit, 0 errors, 2 left on base; Washington 0 - Atlanta 5 |
|